 Dungeon Crawl Stone Soup version 0.18-a0-1784-ga939a68 (webtiles) character file.

144 Tarnath the Charlatan (level 5, -5/25 HPs)
             Began as a Spriggan Artificer on Apr 18, 2016.
             Slain by an orc priest
             ... wielding a +0 club
              (6 damage)
             ... on level 4 of the Dungeon.
             The game lasted 00:08:19 (3017 turns).

Tarnath the Charlatan (Spriggan Artificer)          Turns: 3017, Time: 00:08:20

Health: -5/25      AC:  3    Str:  7    XL:     5   Next: 5%
Magic:  10/10      EV: 20    Int: 14    God:
Gold:   198        SH:  0    Dex: 17    Spells: 0 memorised, 4 levels left

rFire  . . .     SeeInvis +     a - +0 short sword
rCold  . . .     Gourm    .     b - +1 robe
rNeg   . . .     Faith    .     (shield restricted)
rPois  .         Spirit   .     (helmet restricted)
rElec  .         Dismiss  .     (no cloak)
rCorr  .         Reflect  .     (gloves unavailable)
SustAt .         Harm     .     (boots unavailable)
MR     .....                    (no amulet)
Stlth  +++.......               (no ring)
                                (no ring)

@: very quick, not resistant to hostile enchantments, fairly stealthy
A: unfitting armour, see invisible, herbivore 3, speed 3, slow metabolism 2
a: no special abilities


You were on level 4 of the Dungeon.
You were not hungry.

You visited 1 branch of the dungeon, and saw 4 of its levels.

You collected 198 gold pieces.

Inventory:

Hand Weapons
 a - a +0 short sword (weapon)
Armour
 b - a +1 robe (worn)
Jewellery
 o - an uncursed amulet of dismissal {unknown}
Wands
 c - a wand of flame (0/48)
 d - a wand of enslavement (11/24)
 e - a wand of random effects (0/48)
 r - a wand of digging (13/24)
Scrolls
 h - 2 scrolls of remove curse
 n - 2 scrolls of identify
 q - 2 scrolls of enchant weapon
Potions
 g - 2 potions of curing
 j - 3 potions of heal wounds {unknown}
 k - 2 potions of flight {unknown}
 m - a potion of lignification {unknown}
 s - a potion of ambrosia {unknown}
Comestibles
 f - 4 bread rations
 i - 3 fruits
 l - 2 slices of pizza


   Skills:
 - Level 0.7 Fighting
 - Level 1.1 Short Blades
 + Level 4.8 Dodging
 + Level 3.7 Stealth
 * Level 6.0 Evocations


You had 4 spell levels left.
You didn't know any spells.

Dungeon Overview and Level Annotations

Branches:
Dungeon (4/15)
 Temple: D:4-7

Altars:
Qazlal
Xom

Annotations:
D:4 Lovchig's ghost, amateur CeFi


Innate Abilities, Weirdness & Mutations

You are tiny and cannot use many weapons and most armour.
You have supernaturally acute eyesight.
You are a herbivore.
You cover ground extremely quickly.
You need consume almost no food.


Message History

Evoke which item? (* to show all) (? for menu, Esc to quit)
Zapping:
e - a wand of random effects (2/48)
Press: ? - help, Shift-Dir - straight line, f - you Really target yourself?
The puff of flame hits you!
* * * LOW HITPOINT WARNING * * *
This wand has 1 charge left.
The orc wizard misses you. The orc wizard hits you with a dagger.
* * * LOW HITPOINT WARNING * * *
The orc priest misses you.
The orc wizard hits you but does no damage.
Evoke which item? (* to show all) (? for menu, Esc to quit)
Zapping:
e - a wand of random effects (1/48)
Press: ? - help, Shift-Dir - straight line, f - you Really target yourself?
Nothing appears to happen.
This wand has 0 charges left.
The orc wizard mumbles some strange words.
The orc wizard blinks!
The orc wizard completely misses you. The orc misses you.
The orc priest hits you with a club.
You die...

#.# #.. ##
###.. .. #
.##.. .
#.l...
...######.o#
#l
#....§ooW##
#.o@oo.#
#)..####.#
###


You could see an orc priest (inner flame), 3 orc wizards, Lovchig's ghost (inner
flame), 2 orcs and a giant newt.

Vanquished Creatures
  A hound (D:3)
  3 adders
  3 worms
  4 giant geckos
  An orc (D:3)
  2 giant cockroaches
  12 goblins
  10 hobgoblins
  2 jackals (D:1)
  10 kobolds
  2 quokkas
  A ball python (D:3)
  7 bats
  11 rats
69 creatures vanquished.

Vanquished Creatures (others)
  Robin (D:2)
  A goblin (D:2)
  2 hobgoblins (D:2)
4 creatures vanquished.

Grand Total: 73 creatures vanquished

Notes
Turn   | Place    | Note
--------------------------------------------------------------
     0 | D:1      | Tarnath the Spriggan Artificer began the quest for the Orb.
     0 | D:1      | Reached XP level 1. HP: 9/9 MP: 4/4
   144 | D:1      | Reached XP level 2. HP: 14/14 MP: 6/6
   417 | D:1      | Reached skill level 5 in Evocations
   420 | D:1      | Reached XP level 3. HP: 6/17 MP: 7/7
  1268 | D:2      | Reached XP level 4. HP: 18/21 MP: 9/9
  1466 | D:2      | Noticed Robin
  1496 | D:2      | Your ally died
  1909 | D:3      | Found a stormy altar of Qazlal.
  1968 | D:3      | Found a shimmering altar of Xom.
  2565 | D:3      | Reached XP level 5. HP: 19/25 MP: 10/10
  2827 | D:3      | Reached skill level 6 in Evocations
  3014 | D:4      | Noticed Lovchig's ghost (amateur CeFi)
  3016 | D:4      | HP: 1/25 [orc wizard/dagger (4)]
  3017 | D:4      | Slain by an orc priest

Vault maps used:
D:1:      denvon_arrival_waterhouse
D:2:      uniq_robin
D:3:      marbit_many_paths, grunt_qazlal_clouds, serial_forest,
          infiniplex_forest_straight_4, infiniplex_forest_pool,
          infiniplex_forest_clump_curved, infiniplex_forest_zigzag_2,
          infiniplex_forest_clump_medium, first_bread
D:4:      temple_doors_c, bloody_trog

Skill      XL: |  1  2  3  4  5 |
---------------+----------------+-----
Stealth        | 2 3 |  3.7
Evocations     | 5 6 |  6.0
Dodging        | 4 |  4.8
Fighting       | |  0.7
Short Blades   | |  1.1

Action                   |  1- 3 |  4- 6 || total
-------------------------+-------+-------++-------
Melee: Short sword       |    58 |    99 ||   157
Evoke: Wand              |    20 |    14 ||    34
  Use: Scroll            |       |     4 ||     4
       Potion            |       |     1 ||     1
 Stab: Sleeping          |     8 |     4 ||    12
       Distracted        |     1 |       ||     1
Armor: Robe              |     3 |    16 ||    19
Dodge: Dodged            |    40 |   107 ||   147
